 Dungeon Crawl Stone Soup version 0.20.1-1-g8b1a95d (webtiles) character file.

244 Goboxel the Chopper (level 6, -12/53 HPs)
             Began as a Hill Orc Fighter on July 8, 2017.
             Mangled by a two-headed ogre
             ... wielding a cursed +0 giant spiked club
              (17 damage)
             ... on level 5 of the Dungeon.
             The game lasted 00:03:05 (1780 turns).

Goboxel the Chopper (Hill Orc Fighter)              Turns: 1780, Time: 00:03:06

Health: -12/53     AC: 10    Str: 26    XL:     6   Next: 10%
Magic:  6/6        EV: 11    Int:  8    God:
Gold:   94         SH: 10    Dex: 10    Spells: 5/5 levels left

rFire    . . .     SeeInvis .   a - +0 war axe
rCold    . . .     Gourm    +   c - +0 shield
rNeg     . . .     Faith    .   l - +0 chain mail
rPois    .         Spirit   .   (no helmet)
rElec    .         Reflect  .   (no cloak)
rCorr    .         Harm     .   r - +0 pair of gloves
MR       .....                  (no boots)
Stlth    ..........             i - amulet of the gourmand
Regen    0.2/turn               n - +5 ring of evasion
MPRegen  0.1/turn               (no ring)

@: mighty
A: no striking features
a: no special abilities


You were on level 5 of the Dungeon.
You were not hungry.

You visited 1 branch of the dungeon, and saw 5 of its levels.

You collected 94 gold pieces.

Inventory:

Hand Weapons
 a - a +0 war axe (weapon)
Armour
 c - a +0 shield (worn)
 l - a +0 chain mail (worn)
 r - a +0 pair of gloves (worn)
Jewellery
 i - an amulet of the gourmand (around neck)
 n - a +5 ring of evasion (left hand)
 q - an uncursed ring of ice
Scrolls
 e - a scroll of fear {unknown}
 h - a scroll of teleportation {unknown}
 k - a scroll of noise {unknown}
 m - 2 scrolls of recharging {unknown}
 p - a scroll of random uselessness {unknown}
 s - a scroll of magic mapping {unknown}
 t - 3 scrolls of remove curse {unknown}
 v - 3 scrolls of identify {unknown}
Potions
 b - a potion of lignification {unknown}
 g - a potion of resistance {unknown}
 j - 3 potions of mutation {unknown}
 o - 2 potions of curing {unknown}
Comestibles
 f - 2 bread rations
 u - a meat ration


   Skills:
 + Level 4.7 Fighting
 + Level 5.3 Axes
 + Level 4.3 Armour
 + Level 4.5 Shields


You had 5 spell levels left.
You didn't know any spells.

Dungeon Overview and Level Annotations

Branches:
Dungeon (6/15)
 Temple: D:4-7

Altars:


Message History

You block the two-headed ogre's attack.
You barely miss the two-headed ogre.
The two-headed ogre is heavily wounded.
You block the two-headed ogre's attack.
The two-headed ogre hits you with a giant club!
You hit the two-headed ogre.
The two-headed ogre is heavily wounded.
The two-headed ogre barely misses you. x2
You slash the two-headed ogre!
The two-headed ogre is heavily wounded.
You block the two-headed ogre's attack.
The two-headed ogre hits you with a giant club!!
* * * LOW HITPOINT WARNING * * *
You completely miss the two-headed ogre.
The two-headed ogre is heavily wounded.
The two-headed ogre hits you but does no damage.
You block the two-headed ogre's attack.
You feel very mighty all of a sudden.
The two-headed ogre hits you with a giant spiked club!
You die...

######..........≈≈≈≈
.# #....≈≈≈≈......
.# #....≈≈≈≈.≈≈≈≈≈
.# #....≈≈≈≈.≈≈≈≈≈
.# #....≈≈≈≈.≈≈≈≈≈
.# ###..≈≈≈≈.≈≈≈≈≈
.# #............ .#
#.###.######.## ..
#. #....@....# ..#
#. ###.O....[# ..#
#. #.......# ..
#.......# ##
#.......# #.........
#######.### .#


You could see a two-headed ogre.

Vanquished Creatures
  A centaur (D:5)
  A bullfrog zombie (D:5)
  An orc wizard (D:5)
  A worker ant (D:5)
  2 adders (D:2)
  A shadow imp (D:5)
  A worm (D:2)
  A dart slug (D:1)
  A leopard gecko (D:1)
  2 orcs (D:5)
  3 ball pythons
  5 bats
  2 giant cockroaches (D:1)
  3 goblins (D:2)
  4 hobgoblins (D:1)
  5 kobolds
  2 quokkas (D:2)
  5 frilled lizards
  A leopard gecko skeleton (D:5)
  9 rats
51 creatures vanquished.

Notes
Turn   | Place    | Note
-------+----------+-------------------------------------------
     0 | D:1      | Goboxel the Hill Orc Fighter began the quest for the Orb.
     0 | D:1      | Reached XP level 1. HP: 19/19 MP: 1/1
    49 | D:1      | Reached skill level 3 in Axes
    92 | D:1      | Reached XP level 2. HP: 27/27 MP: 2/2
   480 | D:1      | Reached XP level 3. HP: 28/33 MP: 3/3
  1081 | D:2      | Reached XP level 4. HP: 22/40 MP: 4/4
  1449 | D:3      | You fall through a shaft for 3 floors!
  1457 | D:5      | Entered Level 5 of the Dungeon
  1475 | D:5      | Reached skill level 4 in Axes
  1526 | D:5      | Noticed a centaur
  1532 | D:5      | Reached XP level 5. HP: 31/46 MP: 5/5
  1540 | D:5      | Killed a centaur
  1540 | D:5      | Reached skill level 5 in Axes
  1540 | D:5      | Reached XP level 6. HP: 24/53 MP: 6/6
  1769 | D:5      | Noticed a two-headed ogre
  1780 | D:5      | Mangled by a two-headed ogre

Skill      XL: |  1  2  3  4  5 |
---------------+----------------+-----
Axes           | 3 4 5 |  5.3
Fighting       | 4 |  4.7
Shields        | 4 |  4.5
Armour         | 4 |  4.3

Action                   |  1- 3 |  4- 6 || total
-------------------------+-------+-------++-------
Melee: War axe           |   130 |    71 ||   201
  Use: Potion            |       |     1 ||     1
  Eat: Chunk             |     7 |     2 ||     9
Armor: Scale mail        |     8 |       ||     8
       Chain mail        |    66 |    37 ||   103
Dodge: Dodged            |    41 |    40 ||    81
Block: Shield            |    66 |    47 ||   113
